[ PARTIDA AOE2 · #476015071 ]
UnrankedMongoles vs Burgundians
[ ANÁLISIS DE REPETICIÓN · EXTRAÍDO DE LA PARTIDA GRABADA ]
Feudal
10:57
Castillos
14:26
Imperial
30:03
| APM promedio | 49.9 |
| APM pico | 121 |
| eAPM promedio | 20.9 |
| Aldeanos / militares | 211 / 213 |
Foco
⚔️ 46.8% · 🌾 53.2%
Mangudai ×213
Feudal
10:25
Castillos
22:04
Imperial
42:04
| APM promedio | 25.4 |
| APM pico | 86 |
| eAPM promedio | 11.6 |
| Aldeanos / militares | 76 / 51 |
Foco
⚔️ 32.2% · 🌾 67.8%
Camel Scout ×38 · Camel Archer ×12 · Trade Cart ×5 · Monk ×1
Feudal
10:06
Castillos
13:56
Imperial
31:28
| APM promedio | 31.4 |
| APM pico | 87 |
| eAPM promedio | 23.0 |
| Aldeanos / militares | 173 / 436 |
Foco
⚔️ 35.7% · 🌾 64.3%
Skirmisher ×229 · Spearman ×158 · Unknown (882) ×81 · Trade Cart ×56 · Archer ×26 · Genitour ×15
Feudal
11:13
Castillos
15:17
Imperial
30:10
| APM promedio | 27.0 |
| APM pico | 78 |
| eAPM promedio | 15.8 |
| Aldeanos / militares | 144 / 373 |
Foco
⚔️ 33.5% · 🌾 66.5%
Hand Cannoneer ×207 · Knight ×81 · Scout Cavalry ×60 · Bombard Cannon ×25
Feudal
11:04
Castillos
15:24
Imperial
31:30
| APM promedio | 32.2 |
| APM pico | 67 |
| eAPM promedio | 24.6 |
| Aldeanos / militares | 205 / 276 |
Foco
⚔️ 39.5% · 🌾 60.5%
Spearman ×249 · Knight ×27 · Trade Cart ×4
Feudal
—
Castillos
—
Imperial
—
| APM promedio | 744.4 |
| APM pico | 2538 |
| eAPM promedio | 743.8 |
| Aldeanos / militares | 0 / 1137 |
Foco
⚔️ 43.0% · 🌾 57.0%
Scout Cavalry ×274 · Coustillier ×213 · Knight ×156 · Spearman ×148 · Mangonel ×96 · Battering Ram ×60
Feudal
—
Castillos
—
Imperial
—
| APM promedio | 508.4 |
| APM pico | 1846 |
| eAPM promedio | 508.0 |
| Aldeanos / militares | 0 / 419 |
Foco
⚔️ 48.4% · 🌾 51.6%
Militia ×153 · Spearman ×104 · Scout Cavalry ×70 · Mangonel ×37 · Trebuchet (Packed) ×16 · Hand Cannoneer ×12
Feudal
—
Castillos
—
Imperial
—
| APM promedio | 1026.8 |
| APM pico | 4301 |
| eAPM promedio | 1026.1 |
| Aldeanos / militares | 0 / 492 |
Foco
⚔️ 36.7% · 🌾 63.3%
Longbowman ×201 · Skirmisher ×93 · Battering Ram ×80 · Mangonel ×71 · Spearman ×19 · Monk ×11
Mapa de la partida
Recursos iniciales + cada clic de construcción. Líneas = muros · curvas = relieve. ◆ oro · ⬟ piedra · ● bayas · ✦ reliquia · ◌ hueco del cierre
Tu base· Abierta — flanco sin cerrar
Base de Jack in box· Abierta — flanco sin cerrar
Base de aallen6315· Abierta — flanco sin cerrar
Base de 持田志哲· Abierta — flanco sin cerrar
Base de Unsteady· Abierta — flanco sin cerrar
Base de · Abierta — hueco de 7t
Base de · Abierta — flanco sin cerrar
Base de · Abierta — hueco de 10t
Terreno inicial suavizado · ◌ = hueco del cierre detectado · pasá el cursor para detalles
Inputs por minuto
— Silver - - Jack in box
Build order — Silver
Primeras 150 de 437 acciones detectadas
| 0:01 | Crear | Villager (Male) |
| 0:01 | Crear | Villager (Male) |
| 0:03 | Construir | House |
| 0:04 | Construir | House |
| 0:08 | Crear | Villager (Male) |
| 0:08 | Crear | Villager (Male) |
| 1:23 | Crear | Villager (Male) |
| 1:24 | Crear | Villager (Male) |
| 1:52 | Crear | Villager (Male) |
| 1:52 | Crear | Villager (Male) |
| 2:09 | Construir | Lumber Camp |
| 2:32 | Crear | Villager (Male) |
| 2:51 | Crear | Villager (Male) |
| 3:18 | Crear | Villager (Male) |
| 3:18 | Crear | Villager (Male) |
| 3:49 | Construir | House |
| 3:50 | Construir | House |
| 3:51 | Construir | House |
| 4:02 | Crear | Villager (Male) |
| 4:02 | Crear | Villager (Male) |
| 4:14 | Crear | Villager (Male) |
| 4:14 | Crear | Villager (Male) |
| 4:19 | Crear | Villager (Male) |
| 4:19 | Crear | Villager (Male) |
| 4:50 | Crear | Villager (Male) |
| 4:50 | Crear | Villager (Male) |
| 4:52 | Construir | Mill |
| 5:27 | Crear | Villager (Male) |
| 5:56 | Crear | Villager (Male) |
| 6:46 | Crear | Villager (Male) |
| 6:46 | Crear | Villager (Male) |
| 6:47 | Crear | Villager (Male) |
| 7:13 | Crear | Villager (Male) |
| 8:01 | Construir | Mining Camp |
| 8:18 | Investigar | Feudal Age |
| 8:18 | Investigar | Feudal Age |
| 9:13 | Construir | House |
| 10:03 | Crear | Villager (Male) |
| 10:03 | Investigar | Loom |
| 10:54 | Construir | Mining Camp |
| 10:57 | Edad | Edad Feudal |
| 10:59 | Construir | Market |
| 11:01 | Construir | Blacksmith |
| 11:29 | Investigar | Double-Bit Axe |
| 11:30 | Investigar | Double-Bit Axe |
| 11:46 | Investigar | Castle Age |
| 11:46 | Investigar | Castle Age |
| 13:01 | Investigar | Horse Collar |
| 13:24 | Construir | Farm |
| 13:24 | Construir | Farm |
| 13:25 | Construir | Farm |
| 13:31 | Construir | Farm |
| 13:34 | Crear | Villager (Male) |
| 14:15 | Construir | Farm |
| 14:26 | Edad | Edad de los Castillos |
| 14:38 | Construir | Castle |
| 14:41 | Crear | Villager (Male) |
| 14:54 | Construir | Farm |
| 15:16 | Crear | Villager (Male) |
| 15:18 | Construir | Farm |
| 15:39 | Crear | Villager (Male) |
| 15:44 | Construir | Farm |
| 16:09 | Crear | Villager (Male) |
| 16:22 | Crear | Villager (Male) |
| 16:28 | Construir | Farm |
| 16:42 | Construir | Farm |
| 16:44 | Construir | Farm |
| 16:47 | Construir | Farm |
| 16:50 | Construir | Farm |
| 16:59 | Crear | Villager (Male) |
| 17:24 | Crear | Villager (Male) |
| 17:29 | Construir | Town Center |
| 17:32 | Crear | Villager (Male) |
| 17:41 | Crear | Villager (Male) |
| 17:52 | Construir | House |
| 17:57 | Construir | Farm |
| 18:30 | Crear | Villager (Male) |
| 18:36 | Investigar | Heavy Plow |
| 18:43 | Construir | Farm |
| 18:44 | Construir | Farm |
| 19:00 | Construir | House |
| 19:01 | Construir | House |
| 19:04 | Crear | Villager (Male) |
| 19:04 | Crear | Villager (Male) |
| 19:14 | Crear | Villager (Male) |
| 19:15 | Crear | Villager (Male) |
| 19:18 | Construir | Farm |
| 19:26 | Construir | Farm |
| 19:33 | Construir | House |
| 19:48 | Crear | Villager (Male) |
| 19:50 | Crear | Villager (Male) |
| 20:00 | Construir | Farm |
| 20:00 | Construir | Farm |
| 20:01 | Construir | Farm |
| 20:02 | Construir | Farm |
| 20:07 | Crear | Villager (Male) |
| 20:08 | Crear | Villager (Male) |
| 20:36 | Crear | Villager (Male) |
| 20:36 | Crear | Villager (Male) |
| 20:52 | Construir | Town Center |
| 20:59 | Crear | Villager (Male) |
| 21:00 | Crear | Villager (Male) |
| 21:09 | Investigar | Bow Saw |
| 21:14 | Crear | Villager (Male) |
| 21:14 | Crear | Villager (Male) |
| 21:18 | Construir | House |
| 21:22 | Construir | House |
| 21:30 | Construir | Farm |
| 21:47 | Crear | Villager (Male) |
| 21:47 | Crear | Villager (Male) |
| 21:49 | Investigar | Gold Mining |
| 21:53 | Construir | House |
| 21:54 | Construir | House |
| 22:14 | Construir | Mining Camp |
| 22:17 | Crear | Villager (Male) |
| 22:18 | Crear | Villager (Male) |
| 22:18 | Crear | Villager (Male) |
| 22:19 | Crear | Villager (Male) |
| 22:29 | Construir | Farm |
| 22:29 | Construir | Farm |
| 22:36 | Crear | Villager (Male) |
| 22:36 | Crear | Villager (Male) |
| 22:44 | Construir | Lumber Camp |
| 22:48 | Crear | Villager (Male) |
| 22:53 | Construir | Farm |
| 22:55 | Crear | Villager (Male) |
| 22:55 | Crear | Villager (Male) |
| 23:03 | Construir | Farm |
| 23:10 | Construir | Farm |
| 23:12 | Crear | Villager (Male) |
| 23:23 | Investigar | Wheelbarrow |
| 23:23 | Investigar | Wheelbarrow |
| 23:31 | Construir | Farm |
| 23:33 | Crear | Villager (Male) |
| 23:35 | Construir | Farm |
| 23:51 | Crear | Villager (Male) |
| 23:51 | Crear | Villager (Male) |
| 23:58 | Crear | Mangudai |
| 24:18 | Construir | Farm |
| 24:20 | Crear | Villager (Male) |
| 24:20 | Crear | Villager (Male) |
| 24:26 | Construir | Farm |
| 24:27 | Construir | Farm |
| 24:28 | Construir | Farm |
| 24:30 | Crear | Villager (Male) |
| 24:36 | Crear | Villager (Male) |
| 24:37 | Crear | Villager (Male) |
| 24:48 | Crear | Villager (Male) |
| 24:58 | Crear | Villager (Male) |
| 24:58 | Crear | Villager (Male) |
Build order — Jack in box
Primeras 150 de 228 acciones detectadas
| 0:02 | Construir | House |
| 0:04 | Construir | House |
| 0:05 | Investigar | Loom |
| 0:05 | Crear | Villager (Male) |
| 0:05 | Crear | Villager (Male) |
| 0:06 | Crear | Villager (Male) |
| 0:06 | Crear | Villager (Male) |
| 1:40 | Investigar | Loom |
| 1:40 | Crear | Villager (Male) |
| 2:38 | Investigar | Loom |
| 2:38 | Crear | Villager (Male) |
| 3:50 | Crear | Villager (Male) |
| 3:50 | Crear | Villager (Male) |
| 3:51 | Crear | Villager (Male) |
| 4:16 | Construir | Mill |
| 5:19 | Construir | Lumber Camp |
| 5:47 | Crear | Villager (Male) |
| 5:47 | Crear | Villager (Male) |
| 5:47 | Crear | Villager (Male) |
| 5:48 | Crear | Villager (Male) |
| 5:48 | Crear | Villager (Male) |
| 5:48 | Crear | Villager (Male) |
| 7:01 | Construir | House |
| 7:04 | Crear | Villager (Male) |
| 7:05 | Crear | Villager (Male) |
| 7:36 | Investigar | Feudal Age |
| 8:43 | Crear | Villager (Male) |
| 8:44 | Crear | Villager (Male) |
| 8:46 | Crear | Villager (Male) |
| 9:35 | Construir | House |
| 9:36 | Construir | House |
| 9:38 | Construir | House |
| 9:40 | Construir | House |
| 10:25 | Edad | Edad Feudal |
| 10:58 | Construir | Mining Camp |
| 13:16 | Construir | Mining Camp |
| 14:04 | Construir | Farm |
| 14:18 | Construir | Farm |
| 14:18 | Construir | Farm |
| 15:34 | Crear | Villager (Male) |
| 15:34 | Crear | Villager (Male) |
| 16:45 | Construir | Blacksmith |
| 17:45 | Crear | Villager (Male) |
| 17:45 | Crear | Villager (Male) |
| 18:12 | Construir | Farm |
| 18:18 | Construir | Market |
| 19:24 | Investigar | Castle Age |
| 20:18 | Construir | Barracks |
| 20:29 | Investigar | Double-Bit Axe |
| 20:49 | Investigar | Fletching |
| 21:17 | Construir | House |
| 21:17 | Construir | House |
| 21:53 | Investigar | Horse Collar |
| 22:04 | Edad | Edad de los Castillos |
| 22:07 | Crear | Villager (Male) |
| 22:07 | Crear | Villager (Male) |
| 22:07 | Crear | Villager (Male) |
| 22:08 | Crear | Villager (Male) |
| 22:08 | Crear | Villager (Male) |
| 22:31 | Construir | Castle |
| 23:33 | Construir | Town Center |
| 23:42 | Construir | House |
| 23:50 | Crear | Villager (Male) |
| 23:51 | Crear | Villager (Male) |
| 23:51 | Crear | Villager (Male) |
| 23:51 | Crear | Villager (Male) |
| 23:51 | Crear | Villager (Male) |
| 23:58 | Construir | Farm |
| 25:07 | Crear | Villager (Male) |
| 25:07 | Crear | Villager (Male) |
| 25:19 | Construir | University |
| 25:27 | Crear | Villager (Male) |
| 25:27 | Crear | Villager (Male) |
| 26:19 | Crear | Villager (Male) |
| 26:25 | Construir | Farm |
| 26:27 | Crear | Villager (Male) |
| 27:07 | Construir | Farm |
| 27:26 | Crear | Villager (Male) |
| 27:26 | Crear | Villager (Male) |
| 27:41 | Construir | Town Center |
| 27:47 | Construir | Mining Camp |
| 27:53 | Crear | Villager (Male) |
| 28:13 | Investigar | Ballistics |
| 28:51 | Crear | Camel Archer |
| 28:51 | Crear | Camel Archer |
| 28:54 | Construir | Farm |
| 30:14 | Crear | Villager (Male) |
| 30:15 | Crear | Villager (Male) |
| 30:15 | Crear | Villager (Male) |
| 32:02 | Crear | Villager (Male) |
| 32:03 | Crear | Villager (Male) |
| 32:26 | Construir | Castle |
| 32:32 | Construir | Mining Camp |
| 32:40 | Crear | Camel Archer |
| 32:40 | Crear | Camel Archer |
| 32:52 | Investigar | Bodkin Arrow |
| 32:55 | Investigar | Masonry |
| 32:56 | Investigar | Murder Holes |
| 34:04 | Investigar | Heavy Plow |
| 34:26 | Construir | Lumber Camp |
| 34:35 | Crear | Villager (Male) |
| 35:47 | Construir | Mill |
| 35:49 | Crear | Villager (Male) |
| 35:49 | Crear | Villager (Male) |
| 36:34 | Crear | Camel Archer |
| 36:34 | Crear | Camel Archer |
| 36:34 | Crear | Camel Archer |
| 36:35 | Crear | Camel Archer |
| 36:35 | Crear | Camel Archer |
| 36:43 | Crear | Villager (Male) |
| 36:43 | Crear | Villager (Male) |
| 37:56 | Construir | Mill |
| 37:58 | Construir | Farm |
| 37:58 | Construir | Farm |
| 37:58 | Construir | Farm |
| 37:59 | Construir | Farm |
| 38:03 | Investigar | Padded Archer Armor |
| 38:40 | Investigar | Coinage |
| 38:55 | Investigar | Imperial Age |
| 39:13 | Investigar | Gold Mining |
| 39:15 | Crear | Villager (Male) |
| 39:15 | Crear | Villager (Male) |
| 39:16 | Crear | Villager (Male) |
| 39:16 | Crear | Villager (Male) |
| 39:16 | Crear | Villager (Male) |
| 39:17 | Crear | Villager (Male) |
| 39:19 | Crear | Villager (Male) |
| 39:58 | Investigar | Gold Shaft Mining |
| 40:21 | Crear | Camel Archer |
| 40:21 | Crear | Camel Archer |
| 40:25 | Crear | Villager (Male) |
| 41:16 | Crear | Camel Archer |
| 41:20 | Investigar | Kasbah |
| 41:28 | Crear | Villager (Male) |
| 41:50 | Construir | Stable |
| 42:04 | Edad | Edad Imperial |
| 42:17 | Investigar | Husbandry |
| 42:18 | Investigar | Bloodlines |
| 42:27 | Construir | Castle |
| 42:55 | Construir | Archery Range |
| 43:14 | Investigar | Bow Saw |
| 43:30 | Investigar | Treadmill Crane |
| 44:32 | Construir | Castle |
| 45:17 | Investigar | Bracer |
| 45:18 | Investigar | Padded Archer Armor |
| 45:47 | Construir | Town Center |
| 46:29 | Investigar | Leather Archer Armor |
| 46:35 | Construir | Farm |
| 46:36 | Construir | Farm |
| 46:36 | Construir | Farm |
Build order — aallen6315
Primeras 150 de 569 acciones detectadas
| 0:01 | Crear | Villager (Male) ×4 |
| 0:02 | Construir | House |
| 0:03 | Construir | House |
| 1:25 | Crear | Villager (Male) |
| 1:25 | Crear | Villager (Male) |
| 1:49 | Crear | Villager (Male) |
| 1:49 | Crear | Villager (Male) |
| 2:27 | Crear | Villager (Male) |
| 2:27 | Crear | Villager (Male) |
| 2:36 | Construir | Lumber Camp |
| 2:54 | Construir | House |
| 2:55 | Construir | House |
| 2:55 | Crear | Villager (Male) |
| 3:05 | Crear | Villager (Male) |
| 3:40 | Crear | Villager (Male) |
| 3:56 | Crear | Villager (Male) |
| 4:22 | Crear | Villager (Male) |
| 4:38 | Crear | Villager (Male) |
| 5:13 | Crear | Villager (Male) |
| 5:34 | Construir | Mill |
| 5:38 | Crear | Villager (Male) |
| 6:08 | Crear | Villager (Male) |
| 6:08 | Crear | Villager (Male) |
| 6:58 | Crear | Villager (Male) |
| 7:21 | Crear | Villager (Male) |
| 7:36 | Construir | Mining Camp |
| 7:52 | Investigar | Feudal Age |
| 8:07 | Construir | Farm |
| 8:08 | Construir | Farm |
| 9:16 | Crear | Villager (Male) |
| 9:16 | Crear | Villager (Male) |
| 9:54 | Investigar | Loom |
| 10:06 | Edad | Edad Feudal |
| 10:09 | Construir | Market |
| 10:12 | Construir | Blacksmith |
| 10:42 | Construir | House |
| 10:45 | Construir | House |
| 11:00 | Investigar | Castle Age |
| 11:11 | Investigar | Double-Bit Axe |
| 11:30 | Construir | House |
| 11:42 | Investigar | Horse Collar |
| 12:00 | Construir | House |
| 12:08 | Construir | House |
| 12:09 | Construir | House |
| 12:10 | Construir | House |
| 12:12 | Crear | Villager (Male) |
| 12:56 | Construir | Mining Camp |
| 13:12 | Investigar | Stone Mining |
| 13:12 | Crear | Villager (Male) |
| 13:30 | Construir | House |
| 13:45 | Construir | Farm |
| 13:56 | Edad | Edad de los Castillos |
| 14:01 | Construir | House |
| 14:02 | Construir | House |
| 14:02 | Construir | House |
| 14:23 | Construir | Farm |
| 14:26 | Crear | Villager (Male) |
| 14:51 | Crear | Villager (Male) |
| 15:00 | Construir | Farm |
| 15:13 | Investigar | Bow Saw |
| 15:20 | Construir | Farm |
| 15:36 | Crear | Villager (Male) |
| 15:39 | Construir | Farm |
| 16:17 | Construir | House |
| 16:19 | Construir | House |
| 16:24 | Crear | Villager (Male) |
| 16:50 | Construir | Castle |
| 16:54 | Crear | Villager (Male) |
| 17:26 | Construir | Town Center |
| 17:45 | Crear | Villager (Male) |
| 17:53 | Construir | House |
| 17:55 | Construir | House |
| 18:04 | Crear | Villager (Male) |
| 18:23 | Crear | Villager (Male) |
| 18:29 | Construir | University |
| 18:39 | Crear | Villager (Male) |
| 18:47 | Construir | Farm |
| 18:49 | Crear | Villager (Male) |
| 18:54 | Crear | Villager (Male) |
| 18:54 | Crear | Villager (Male) |
| 19:11 | Crear | Villager (Male) |
| 19:29 | Construir | Lumber Camp |
| 19:32 | Crear | Villager (Male) |
| 19:32 | Crear | Villager (Male) |
| 19:41 | Crear | Villager (Male) |
| 20:02 | Construir | House |
| 20:08 | Construir | House |
| 20:12 | Construir | House |
| 20:13 | Construir | House |
| 20:14 | Crear | Villager (Male) |
| 20:25 | Crear | Villager (Male) |
| 20:25 | Crear | Villager (Male) |
| 20:28 | Construir | Farm |
| 20:28 | Construir | Farm |
| 20:28 | Construir | Farm |
| 20:29 | Construir | Farm |
| 20:44 | Construir | House |
| 20:46 | Crear | Villager (Male) |
| 20:46 | Crear | Villager (Male) |
| 20:51 | Construir | Farm |
| 20:51 | Construir | Farm |
| 20:57 | Construir | Farm |
| 21:01 | Construir | Farm |
| 21:02 | Construir | Farm |
| 21:02 | Construir | Farm |
| 21:03 | Crear | Villager (Male) |
| 21:10 | Construir | Farm |
| 21:12 | Crear | Villager (Male) |
| 21:16 | Construir | Farm |
| 21:22 | Construir | House |
| 21:23 | Construir | House |
| 21:28 | Construir | House |
| 21:33 | Construir | Farm |
| 21:34 | Crear | Villager (Male) |
| 21:38 | Crear | Villager (Male) |
| 21:48 | Construir | Farm |
| 21:48 | Construir | Farm |
| 21:48 | Construir | Farm |
| 21:49 | Construir | Farm |
| 21:49 | Construir | Farm |
| 21:56 | Construir | House |
| 22:06 | Crear | Villager (Male) |
| 22:07 | Crear | Villager (Male) |
| 22:12 | Construir | Market |
| 22:13 | Crear | Villager (Male) |
| 22:18 | Construir | Market |
| 22:31 | Crear | Villager (Male) |
| 22:32 | Crear | Villager (Male) |
| 22:36 | Construir | House |
| 22:44 | Crear | Villager (Male) |
| 22:46 | Construir | Farm |
| 22:46 | Construir | Farm |
| 22:49 | Crear | Villager (Male) |
| 22:49 | Crear | Villager (Male) |
| 22:53 | Crear | Villager (Male) |
| 23:01 | Construir | Town Center |
| 23:04 | Crear | Villager (Male) |
| 23:04 | Crear | Villager (Male) |
| 23:11 | Construir | Lumber Camp |
| 23:15 | Crear | Villager (Male) |
| 23:15 | Crear | Villager (Male) |
| 23:19 | Construir | Farm |
| 23:19 | Construir | Farm |
| 23:36 | Construir | Farm |
| 23:36 | Crear | Villager (Male) |
| 23:37 | Crear | Villager (Male) |
| 23:40 | Construir | House |
| 23:47 | Crear | Villager (Male) |
| 23:47 | Crear | Villager (Male) |
| 23:51 | Construir | House |
Build order — 持田志哲
Primeras 150 de 447 acciones detectadas
| 0:02 | Crear | Villager (Male) ×4 |
| 0:04 | Construir | House |
| 0:05 | Construir | House |
| 1:24 | Crear | Villager (Male) |
| 1:24 | Crear | Villager (Male) |
| 2:23 | Crear | Villager (Male) |
| 2:23 | Crear | Villager (Male) |
| 2:23 | Crear | Villager (Male) |
| 2:50 | Crear | Villager (Male) |
| 2:50 | Crear | Villager (Male) |
| 2:51 | Crear | Villager (Male) |
| 3:30 | Crear | Villager (Male) |
| 3:30 | Crear | Villager (Male) |
| 3:42 | Construir | House |
| 3:43 | Construir | House |
| 3:48 | Construir | House |
| 4:02 | Construir | Lumber Camp |
| 4:17 | Crear | Villager (Male) |
| 4:18 | Crear | Villager (Male) |
| 4:36 | Crear | Villager (Male) |
| 4:37 | Crear | Villager (Male) |
| 4:47 | Crear | Villager (Male) |
| 4:48 | Crear | Villager (Male) |
| 5:03 | Crear | Villager (Male) |
| 5:28 | Crear | Villager (Male) |
| 5:58 | Crear | Villager (Male) |
| 5:59 | Crear | Villager (Male) |
| 5:59 | Crear | Villager (Male) |
| 6:39 | Construir | Mill |
| 6:52 | Crear | Villager (Male) |
| 6:53 | Crear | Villager (Male) |
| 6:53 | Crear | Villager (Male) |
| 8:20 | Construir | Mining Camp |
| 9:02 | Investigar | Feudal Age |
| 10:07 | Construir | Farm |
| 10:08 | Construir | Farm |
| 10:09 | Construir | Farm |
| 10:52 | Crear | Villager (Male) |
| 10:52 | Crear | Villager (Male) |
| 10:53 | Investigar | Loom |
| 11:02 | Construir | Farm |
| 11:02 | Construir | Farm |
| 11:13 | Edad | Edad Feudal |
| 11:16 | Construir | Market |
| 11:21 | Construir | Blacksmith |
| 12:37 | Investigar | Castle Age |
| 12:52 | Construir | Farm |
| 12:52 | Construir | Farm |
| 12:53 | Construir | Farm |
| 12:54 | Construir | Farm |
| 13:07 | Construir | Farm |
| 13:42 | Construir | Mining Camp |
| 13:59 | Investigar | Double-Bit Axe |
| 14:10 | Construir | Mining Camp |
| 14:27 | Construir | House |
| 14:29 | Construir | House |
| 14:30 | Construir | House |
| 14:31 | Construir | House |
| 15:05 | Investigar | Horse Collar |
| 15:08 | Crear | Villager (Male) |
| 15:08 | Crear | Villager (Male) |
| 15:17 | Edad | Edad de los Castillos |
| 15:20 | Construir | Town Center |
| 15:27 | Crear | Villager (Male) |
| 15:45 | Crear | Villager (Male) |
| 15:50 | Investigar | Heavy Plow |
| 16:16 | Crear | Villager (Male) |
| 16:23 | Construir | House |
| 16:24 | Construir | House |
| 16:26 | Crear | Villager (Male) |
| 16:31 | Crear | Villager (Male) |
| 16:52 | Construir | House |
| 16:53 | Construir | House |
| 16:55 | Construir | House |
| 16:55 | Construir | House |
| 16:59 | Crear | Villager (Male) |
| 17:06 | Crear | Villager (Male) |
| 17:11 | Crear | Villager (Male) |
| 17:11 | Crear | Villager (Male) |
| 17:13 | Crear | Villager (Male) |
| 17:22 | Investigar | Bow Saw |
| 17:46 | Crear | Villager (Male) |
| 18:00 | Construir | House |
| 18:02 | Construir | House |
| 18:03 | Construir | House |
| 18:05 | Crear | Villager (Male) |
| 18:19 | Crear | Villager (Male) |
| 18:42 | Crear | Villager (Male) |
| 18:50 | Construir | Farm |
| 18:50 | Construir | Farm |
| 18:50 | Construir | Farm |
| 18:51 | Construir | Farm |
| 18:51 | Construir | Farm |
| 18:53 | Crear | Villager (Male) |
| 19:05 | Crear | Villager (Male) |
| 19:24 | Crear | Villager (Male) |
| 19:29 | Investigar | Wheelbarrow |
| 19:38 | Crear | Villager (Male) |
| 19:44 | Construir | Town Center |
| 19:57 | Crear | Villager (Male) |
| 20:02 | Crear | Villager (Male) |
| 20:17 | Construir | Market |
| 20:23 | Construir | Market |
| 20:25 | Construir | Market |
| 20:30 | Construir | Lumber Camp |
| 20:32 | Crear | Villager (Male) |
| 20:32 | Crear | Villager (Male) |
| 21:02 | Construir | House |
| 21:03 | Construir | House |
| 21:05 | Construir | House |
| 21:07 | Construir | House |
| 21:08 | Construir | House |
| 21:10 | Crear | Villager (Male) |
| 21:10 | Crear | Villager (Male) |
| 21:19 | Construir | Farm |
| 21:19 | Construir | Farm |
| 21:19 | Construir | Farm |
| 21:19 | Construir | Farm |
| 21:20 | Construir | Farm |
| 21:20 | Construir | Farm |
| 21:20 | Construir | Farm |
| 21:23 | Crear | Villager (Male) |
| 21:23 | Crear | Villager (Male) |
| 21:29 | Crear | Villager (Male) |
| 21:30 | Crear | Villager (Male) |
| 21:30 | Crear | Villager (Male) |
| 21:37 | Crear | Villager (Male) |
| 22:08 | Construir | Town Center |
| 22:12 | Crear | Villager (Male) |
| 22:12 | Crear | Villager (Male) |
| 22:16 | Crear | Villager (Male) |
| 22:21 | Construir | Farm |
| 22:22 | Construir | Farm |
| 22:22 | Construir | Farm |
| 22:22 | Construir | Farm |
| 22:22 | Construir | Farm |
| 22:22 | Construir | Farm |
| 22:25 | Crear | Villager (Male) |
| 22:53 | Crear | Villager (Male) |
| 22:58 | Construir | Farm |
| 22:58 | Construir | Farm |
| 22:58 | Construir | Farm |
| 22:58 | Construir | Farm |
| 22:58 | Construir | Farm |
| 22:59 | Construir | Farm |
| 22:59 | Construir | Farm |
| 22:59 | Construir | Farm |
| 23:02 | Crear | Villager (Male) |
| 23:07 | Crear | Villager (Male) |
| 23:35 | Construir | House |
Build order — Unsteady
Primeras 150 de 757 acciones detectadas
| 0:06 | Investigar | Loom |
| 0:09 | Construir | House |
| 0:24 | Construir | House |
| 1:24 | Crear | Villager (Male) |
| 1:24 | Crear | Villager (Male) |
| 1:49 | Crear | Villager (Male) |
| 2:23 | Crear | Villager (Male) |
| 2:24 | Crear | Villager (Male) |
| 2:28 | Construir | Lumber Camp |
| 2:49 | Crear | Villager (Male) |
| 2:52 | Crear | Villager (Male) |
| 3:29 | Crear | Villager (Male) |
| 3:30 | Crear | Villager (Male) |
| 3:50 | Construir | House |
| 4:07 | Crear | Villager (Male) |
| 4:38 | Crear | Villager (Male) |
| 4:45 | Crear | Villager (Male) |
| 4:46 | Crear | Villager (Male) |
| 5:09 | Crear | Villager (Male) |
| 5:09 | Crear | Villager (Male) |
| 5:22 | Construir | House |
| 6:11 | Construir | Mill |
| 6:39 | Crear | Villager (Male) |
| 6:40 | Crear | Villager (Male) |
| 6:44 | Crear | Villager (Male) |
| 6:50 | Crear | Villager (Male) |
| 6:50 | Crear | Villager (Male) |
| 6:51 | Crear | Villager (Male) |
| 6:57 | Crear | Villager (Male) |
| 6:57 | Crear | Villager (Male) |
| 7:49 | Crear | Villager (Male) |
| 7:50 | Crear | Villager (Male) |
| 8:01 | Construir | Mill |
| 8:17 | Crear | Villager (Male) |
| 8:17 | Crear | Villager (Male) |
| 8:31 | Crear | Villager (Male) |
| 8:31 | Crear | Villager (Male) |
| 8:54 | Investigar | Feudal Age |
| 8:57 | Construir | Mining Camp |
| 9:08 | Crear | Villager (Male) |
| 11:04 | Edad | Edad Feudal |
| 11:07 | Construir | Market |
| 11:38 | Construir | Blacksmith |
| 12:44 | Investigar | Castle Age |
| 13:28 | Construir | Lumber Camp |
| 15:00 | Crear | Villager (Male) |
| 15:24 | Edad | Edad de los Castillos |
| 15:32 | Crear | Villager (Male) |
| 15:36 | Construir | Farm |
| 15:56 | Crear | Villager (Male) |
| 16:11 | Crear | Villager (Male) |
| 16:23 | Construir | Farm |
| 16:29 | Construir | Town Center |
| 16:38 | Construir | Lumber Camp |
| 16:40 | Crear | Villager (Male) |
| 16:43 | Construir | Farm |
| 17:03 | Construir | Farm |
| 17:14 | Crear | Villager (Male) |
| 17:18 | Construir | House |
| 17:33 | Construir | Farm |
| 17:44 | Crear | Villager (Male) |
| 17:49 | Crear | Villager (Male) |
| 17:57 | Construir | Farm |
| 18:04 | Construir | Farm |
| 18:08 | Construir | Farm |
| 18:11 | Crear | Villager (Male) |
| 18:22 | Construir | Farm |
| 18:24 | Crear | Villager (Male) |
| 18:27 | Construir | Farm |
| 18:31 | Construir | Farm |
| 18:46 | Construir | Farm |
| 18:55 | Crear | Villager (Male) |
| 18:56 | Crear | Villager (Male) |
| 18:59 | Construir | Farm |
| 19:19 | Crear | Villager (Male) |
| 19:20 | Crear | Villager (Male) |
| 19:23 | Construir | Farm |
| 19:27 | Construir | House |
| 19:30 | Crear | Villager (Male) |
| 19:36 | Construir | Farm |
| 19:39 | Crear | Villager (Male) |
| 19:56 | Construir | Farm |
| 20:05 | Crear | Villager (Male) |
| 20:06 | Crear | Villager (Male) |
| 20:09 | Construir | House |
| 20:14 | Construir | Farm |
| 20:19 | Construir | Farm |
| 20:21 | Investigar | Horse Collar |
| 20:28 | Construir | Farm |
| 20:35 | Crear | Villager (Male) |
| 20:44 | Crear | Villager (Male) |
| 20:46 | Construir | Farm |
| 20:57 | Construir | Farm |
| 21:05 | Crear | Villager (Male) |
| 21:07 | Crear | Villager (Male) |
| 21:17 | Investigar | Double-Bit Axe |
| 21:17 | Investigar | Double-Bit Axe |
| 21:26 | Crear | Villager (Male) |
| 21:33 | Crear | Villager (Male) |
| 21:35 | Construir | Farm |
| 21:40 | Crear | Villager (Male) |
| 21:42 | Crear | Villager (Male) |
| 21:59 | Crear | Villager (Male) |
| 22:02 | Construir | Farm |
| 22:12 | Construir | Town Center |
| 22:17 | Crear | Villager (Male) |
| 22:17 | Crear | Villager (Male) |
| 22:24 | Crear | Villager (Male) |
| 22:28 | Construir | Farm |
| 22:34 | Construir | House |
| 22:36 | Crear | Villager (Male) |
| 22:44 | Investigar | Bow Saw |
| 22:44 | Investigar | Bow Saw |
| 22:49 | Construir | Farm |
| 22:57 | Crear | Villager (Male) |
| 22:59 | Crear | Villager (Male) |
| 23:07 | Construir | Farm |
| 23:10 | Construir | Farm |
| 23:14 | Crear | Villager (Male) |
| 23:20 | Crear | Villager (Male) |
| 23:27 | Crear | Villager (Male) |
| 23:27 | Crear | Villager (Male) |
| 23:36 | Construir | House |
| 23:44 | Investigar | Wheelbarrow |
| 23:44 | Investigar | Wheelbarrow |
| 23:46 | Crear | Villager (Male) |
| 23:54 | Crear | Villager (Male) |
| 24:00 | Investigar | Heavy Plow |
| 24:00 | Investigar | Heavy Plow |
| 24:10 | Construir | House |
| 24:12 | Crear | Villager (Male) |
| 24:18 | Construir | Barracks |
| 24:20 | Crear | Villager (Male) |
| 24:21 | Crear | Villager (Male) |
| 24:33 | Construir | Farm |
| 24:36 | Construir | Farm |
| 24:39 | Construir | Farm |
| 24:41 | Crear | Villager (Male) |
| 24:45 | Construir | House |
| 24:49 | Crear | Villager (Male) |
| 25:01 | Crear | Villager (Male) |
| 25:06 | Crear | Villager (Male) |
| 25:11 | Construir | Farm |
| 25:24 | Construir | House |
| 25:26 | Crear | Villager (Male) |
| 25:27 | Investigar | Hand Cart |
| 25:28 | Investigar | Hand Cart |
| 25:34 | Construir | Farm |
| 25:36 | Construir | Farm |
| 25:39 | Crear | Villager (Male) |
Build order —
Primeras 150 de 1449 acciones detectadas
| 0:00 | Construir | House |
| 0:03 | Construir | House |
| 1:43 | Construir | Lumber Camp |
| 2:30 | Investigar | Tech None |
| 3:46 | Construir | House |
| 4:12 | Construir | Mill |
| 5:12 | Construir | Lumber Camp |
| 5:52 | Investigar | Tech None |
| 5:52 | Construir | House |
| 6:41 | Investigar | Tech None |
| 6:45 | Investigar | Tech None |
| 7:19 | Construir | Barracks |
| 8:47 | Construir | Farm |
| 8:54 | Construir | Farm |
| 9:05 | Construir | Farm |
| 9:16 | Investigar | Tech None |
| 9:16 | Construir | Stable |
| 9:17 | Investigar | Tech None |
| 9:23 | Construir | House |
| 9:25 | Construir | Farm |
| 9:39 | Construir | Farm |
| 10:07 | Construir | Mining Camp |
| 10:34 | Construir | Archery Range |
| 11:07 | Construir | Archery Range |
| 11:09 | Construir | House |
| 11:10 | Construir | House |
| 11:19 | Construir | Lumber Camp |
| 11:38 | Construir | Blacksmith |
| 12:15 | Investigar | Tech None |
| 12:32 | Construir | House |
| 12:38 | Construir | House |
| 13:03 | Investigar | Tech None |
| 13:05 | Construir | House |
| 13:46 | Investigar | Tech None |
| 14:17 | Construir | Farm |
| 14:19 | Construir | Farm |
| 14:20 | Construir | Farm |
| 14:25 | Construir | Farm |
| 14:41 | Construir | Farm |
| 14:49 | Construir | Farm |
| 14:56 | Construir | House |
| 14:58 | Construir | House |
| 15:46 | Construir | Archery Range |
| 15:48 | Investigar | Tech None |
| 16:32 | Investigar | Tech None |
| 17:13 | Construir | Market |
| 17:44 | Construir | Stable |
| 17:50 | Construir | Farm |
| 17:51 | Construir | Lumber Camp |
| 17:53 | Construir | Farm |
| 18:29 | Investigar | Tech None |
| 18:29 | Investigar | Tech None |
| 18:31 | Investigar | Tech None |
| 18:31 | Construir | Town Center |
| 18:33 | Construir | Siege Workshop |
| 19:14 | Construir | Town Center |
| 19:50 | Construir | Town Center |
| 20:01 | Construir | Farm |
| 20:10 | Construir | Farm |
| 20:20 | Construir | Farm |
| 20:22 | Investigar | Tech None |
| 20:24 | Construir | Farm |
| 20:46 | Construir | Farm |
| 20:54 | Construir | Monastery |
| 20:54 | Construir | Monastery |
| 21:11 | Construir | Farm |
| 21:21 | Construir | Barracks |
| 21:28 | Construir | Farm |
| 21:28 | Crear | Monk |
| 21:33 | Construir | House |
| 21:45 | Construir | Farm |
| 21:47 | Construir | Mining Camp |
| 22:01 | Construir | Farm |
| 22:01 | Construir | House |
| 22:23 | Construir | House |
| 22:28 | Construir | Farm |
| 22:35 | Investigar | Tech None |
| 22:37 | Construir | Farm |
| 22:44 | Construir | House |
| 22:52 | Construir | Farm |
| 22:56 | Construir | Barracks |
| 23:06 | Construir | House |
| 23:16 | Construir | Farm |
| 23:19 | Construir | Barracks |
| 23:24 | Investigar | Tech None |
| 23:37 | Construir | House |
| 23:44 | Construir | Farm |
| 23:53 | Construir | Barracks |
| 23:58 | Construir | Farm |
| 24:04 | Construir | House |
| 24:20 | Construir | Farm |
| 24:25 | Construir | House |
| 24:25 | Construir | Palisade Wall |
| 24:26 | Construir | Palisade Wall |
| 24:31 | Construir | Farm |
| 24:35 | Construir | Barracks |
| 24:35 | Construir | Palisade Wall |
| 24:35 | Construir | Stone Wall |
| 24:35 | Construir | Gate |
| 24:35 | Construir | Stone Wall |
| 24:35 | Construir | Stone Wall |
| 24:35 | Construir | Stone Wall |
| 24:35 | Construir | Stone Wall |
| 24:35 | Construir | Stone Wall |
| 24:35 | Construir | Stone Wall |
| 24:35 | Construir | Stone Wall |
| 24:44 | Construir | Lumber Camp |
| 24:46 | Construir | Farm |
| 24:46 | Construir | Stone Wall |
| 24:49 | Construir | Farm |
| 24:59 | Construir | House |
| 24:59 | Construir | Stone Wall |
| 24:59 | Construir | Gate |
| 24:59 | Construir | Stone Wall |
| 24:59 | Construir | Stone Wall |
| 24:59 | Construir | Stone Wall |
| 24:59 | Construir | Stone Wall |
| 24:59 | Construir | Stone Wall |
| 25:10 | Construir | Farm |
| 25:14 | Construir | Lumber Camp |
| 25:17 | Construir | Mill |
| 25:24 | Investigar | Tech None |
| 25:27 | Construir | Mill |
| 25:28 | Construir | Farm |
| 25:31 | Construir | House |
| 25:36 | Investigar | Tech None |
| 25:36 | Construir | Farm |
| 25:39 | Investigar | Tech None |
| 26:10 | Investigar | Tech None |
| 26:21 | Construir | Farm |
| 26:33 | Construir | Barracks |
| 26:51 | Construir | Market |
| 26:57 | Crear | Monk |
| 27:06 | Construir | Stable |
| 27:24 | Construir | Stable |
| 27:24 | Construir | Market |
| 27:32 | Investigar | Tech None |
| 27:48 | Construir | Castle |
| 27:49 | Construir | Mining Camp |
| 27:57 | Construir | Siege Workshop |
| 28:05 | Crear | Monk |
| 28:09 | Construir | Stable |
| 28:42 | Construir | Market |
| 28:48 | Investigar | Tech None |
| 28:56 | Investigar | Tech None |
| 29:03 | Construir | Stable |
| 29:06 | Investigar | Tech None |
| 29:15 | Construir | Lumber Camp |
| 29:24 | Construir | Market |
| 29:28 | Investigar | Tech None |
Build order —
Primeras 150 de 743 acciones detectadas
| 0:00 | Construir | House |
| 0:03 | Construir | House |
| 1:43 | Construir | Lumber Camp |
| 1:46 | Construir | Lumber Camp |
| 3:05 | Construir | Mill |
| 3:07 | Construir | Lumber Camp |
| 3:46 | Construir | House |
| 5:52 | Investigar | Tech None |
| 5:52 | Construir | House |
| 6:33 | Construir | Mining Camp |
| 6:37 | Construir | Mining Camp |
| 6:47 | Construir | Farm |
| 6:49 | Construir | Farm |
| 7:09 | Construir | Farm |
| 7:34 | Construir | Farm |
| 8:01 | Construir | Lumber Camp |
| 8:21 | Construir | House |
| 8:35 | Investigar | Tech None |
| 8:35 | Construir | Barracks |
| 10:56 | Construir | Stable |
| 10:58 | Investigar | Tech None |
| 10:58 | Construir | Farm |
| 10:58 | Construir | Blacksmith |
| 11:00 | Investigar | Tech None |
| 11:19 | Investigar | Tech None |
| 11:30 | Construir | House |
| 11:43 | Construir | Farm |
| 11:47 | Investigar | Tech None |
| 12:03 | Construir | Farm |
| 12:13 | Construir | Farm |
| 12:41 | Investigar | Tech None |
| 12:48 | Construir | Farm |
| 12:50 | Construir | Farm |
| 12:55 | Construir | Farm |
| 12:59 | Construir | Farm |
| 14:27 | Investigar | Tech None |
| 14:28 | Investigar | Tech None |
| 14:28 | Construir | Town Center |
| 14:59 | Construir | Town Center |
| 15:03 | Construir | House |
| 15:06 | Construir | House |
| 15:32 | Investigar | Tech None |
| 15:39 | Construir | House |
| 16:19 | Crear | Knight |
| 16:19 | Construir | Stable |
| 16:36 | Construir | Farm |
| 16:48 | Construir | Farm |
| 16:58 | Construir | Farm |
| 17:21 | Construir | Farm |
| 17:26 | Construir | Farm |
| 17:47 | Construir | Monastery |
| 17:58 | Construir | Farm |
| 18:11 | Construir | Farm |
| 18:11 | Construir | House |
| 18:13 | Construir | House |
| 18:16 | Construir | Farm |
| 18:23 | Crear | Monk |
| 18:28 | Construir | Farm |
| 18:30 | Construir | Market |
| 18:37 | Construir | Farm |
| 19:00 | Construir | Farm |
| 19:03 | Construir | Farm |
| 19:05 | Investigar | Tech None |
| 19:13 | Construir | Farm |
| 19:19 | Construir | Farm |
| 19:55 | Construir | Town Center |
| 19:56 | Construir | House |
| 19:57 | Construir | House |
| 20:03 | Construir | Farm |
| 20:20 | Construir | Lumber Camp |
| 20:24 | Construir | House |
| 20:30 | Construir | Farm |
| 20:42 | Crear | Scout Cavalry |
| 20:43 | Construir | Farm |
| 20:44 | Investigar | Tech None |
| 20:44 | Construir | Farm |
| 20:54 | Construir | Farm |
| 20:56 | Construir | Farm |
| 20:59 | Construir | Farm |
| 21:21 | Construir | Siege Workshop |
| 21:24 | Construir | Lumber Camp |
| 21:32 | Construir | Farm |
| 21:33 | Construir | House |
| 21:38 | Construir | Farm |
| 21:39 | Construir | House |
| 21:46 | Construir | Farm |
| 21:49 | Crear | Scout Cavalry |
| 21:50 | Construir | Farm |
| 21:55 | Construir | Farm |
| 21:57 | Crear | Scout Cavalry |
| 22:06 | Construir | Farm |
| 22:10 | Construir | Mining Camp |
| 22:15 | Construir | Farm |
| 22:19 | Crear | Scout Cavalry |
| 22:23 | Construir | House |
| 22:24 | Crear | Scout Cavalry |
| 22:24 | Construir | Farm |
| 22:28 | Construir | House |
| 22:40 | Investigar | Tech None |
| 22:40 | Construir | Farm |
| 22:42 | Investigar | Tech None |
| 22:42 | Investigar | Tech None |
| 22:43 | Construir | House |
| 22:48 | Construir | Farm |
| 22:49 | Construir | Farm |
| 22:50 | Construir | Mill |
| 23:04 | Investigar | Tech None |
| 23:08 | Construir | Farm |
| 23:11 | Investigar | Tech None |
| 23:17 | Construir | Farm |
| 23:22 | Investigar | Tech None |
| 23:27 | Construir | Farm |
| 23:30 | Construir | Farm |
| 23:38 | Investigar | Tech None |
| 23:43 | Investigar | Tech None |
| 23:55 | Construir | Barracks |
| 24:01 | Construir | House |
| 24:02 | Construir | Farm |
| 24:04 | Investigar | Tech None |
| 24:04 | Construir | House |
| 24:07 | Construir | House |
| 24:14 | Investigar | Tech None |
| 24:24 | Construir | Barracks |
| 24:27 | Construir | House |
| 24:38 | Construir | Farm |
| 24:47 | Construir | Barracks |
| 24:52 | Construir | House |
| 24:53 | Construir | House |
| 24:57 | Crear | Monk |
| 24:58 | Crear | Scout Cavalry |
| 24:59 | Investigar | Tech None |
| 25:01 | Construir | Farm |
| 25:08 | Crear | Scout Cavalry |
| 25:19 | Construir | Farm |
| 25:24 | Construir | Lumber Camp |
| 25:26 | Construir | Lumber Camp |
| 25:28 | Construir | Farm |
| 25:30 | Crear | Scout Cavalry |
| 25:30 | Construir | Mill |
| 25:36 | Construir | Barracks |
| 25:49 | Investigar | Tech None |
| 25:50 | Investigar | Tech None |
| 25:55 | Crear | Battering Ram |
| 25:55 | Construir | Barracks |
| 25:56 | Investigar | Tech None |
| 26:08 | Construir | House |
| 26:10 | Construir | House |
| 26:12 | Construir | House |
| 26:13 | Construir | Barracks |
| 26:30 | Crear | Militia |
Build order —
Primeras 150 de 802 acciones detectadas
| 0:00 | Construir | House |
| 0:03 | Construir | House |
| 1:43 | Construir | Lumber Camp |
| 3:28 | Construir | Mill |
| 3:46 | Construir | House |
| 4:14 | Construir | Lumber Camp |
| 5:51 | Investigar | Tech None |
| 5:51 | Construir | House |
| 5:59 | Construir | Mining Camp |
| 6:41 | Investigar | Tech None |
| 7:25 | Construir | Barracks |
| 9:16 | Construir | Archery Range |
| 9:17 | Investigar | Tech None |
| 9:17 | Investigar | Tech None |
| 9:18 | Construir | Farm |
| 9:19 | Investigar | Tech None |
| 9:21 | Construir | Farm |
| 9:24 | Construir | House |
| 9:58 | Construir | Archery Range |
| 10:22 | Construir | House |
| 10:27 | Construir | House |
| 10:44 | Crear | Archer |
| 11:27 | Construir | Lumber Camp |
| 11:47 | Crear | Skirmisher |
| 11:47 | Construir | House |
| 11:50 | Construir | House |
| 11:55 | Construir | House |
| 12:07 | Construir | House |
| 12:13 | Investigar | Tech None |
| 12:28 | Construir | House |
| 12:32 | Construir | Farm |
| 12:35 | Crear | Archer |
| 12:49 | Crear | Archer |
| 13:03 | Construir | Farm |
| 13:09 | Crear | Archer |
| 13:21 | Construir | Farm |
| 13:33 | Crear | Archer |
| 13:33 | Construir | Blacksmith |
| 13:39 | Construir | Blacksmith |
| 13:48 | Construir | Farm |
| 14:05 | Investigar | Tech None |
| 14:11 | Investigar | Tech None |
| 14:19 | Construir | Farm |
| 14:33 | Construir | Farm |
| 14:37 | Construir | Farm |
| 14:48 | Construir | Farm |
| 15:10 | Construir | Lumber Camp |
| 15:24 | Construir | Farm |
| 15:48 | Investigar | Tech None |
| 15:48 | Construir | Farm |
| 15:50 | Investigar | Tech None |
| 15:50 | Crear | Skirmisher |
| 15:52 | Crear | Skirmisher |
| 16:12 | Crear | Skirmisher |
| 17:00 | Construir | Archery Range |
| 18:01 | Crear | Skirmisher |
| 18:02 | Crear | Skirmisher |
| 18:04 | Crear | Skirmisher |
| 18:18 | Construir | House |
| 18:20 | Construir | House |
| 18:28 | Investigar | Tech None |
| 18:29 | Investigar | Tech None |
| 18:29 | Investigar | Tech None |
| 18:30 | Investigar | Tech None |
| 18:30 | Construir | Town Center |
| 18:38 | Construir | Town Center |
| 19:03 | Construir | Town Center |
| 19:04 | Construir | House |
| 19:07 | Investigar | Tech None |
| 19:15 | Construir | Farm |
| 19:25 | Construir | Farm |
| 19:32 | Construir | Farm |
| 19:39 | Construir | Farm |
| 19:46 | Construir | Farm |
| 20:06 | Crear | Spearman |
| 20:14 | Construir | Farm |
| 20:22 | Construir | Monastery |
| 20:38 | Construir | Farm |
| 20:52 | Construir | Market |
| 21:04 | Crear | Monk |
| 21:11 | Investigar | Tech None |
| 21:14 | Construir | Farm |
| 21:24 | Construir | Farm |
| 21:32 | Construir | Farm |
| 21:50 | Construir | Farm |
| 22:01 | Construir | Siege Workshop |
| 22:10 | Construir | Farm |
| 22:19 | Construir | Farm |
| 22:21 | Construir | Farm |
| 22:38 | Construir | Farm |
| 22:41 | Construir | Mining Camp |
| 22:57 | Construir | Stable |
| 23:01 | Investigar | Tech None |
| 23:02 | Construir | Farm |
| 23:04 | Construir | Farm |
| 23:18 | Construir | Farm |
| 23:50 | Investigar | Tech None |
| 23:51 | Investigar | Tech None |
| 23:53 | Crear | Knight |
| 23:53 | Construir | Farm |
| 23:57 | Construir | Farm |
| 24:02 | Construir | House |
| 24:07 | Construir | Farm |
| 24:11 | Crear | Monk |
| 24:11 | Crear | Spearman |
| 24:19 | Construir | Lumber Camp |
| 24:22 | Construir | House |
| 24:29 | Construir | Farm |
| 24:32 | Construir | House |
| 24:35 | Construir | Mill |
| 24:47 | Construir | Town Center |
| 25:05 | Construir | House |
| 25:10 | Construir | Farm |
| 25:12 | Construir | Farm |
| 25:17 | Construir | Mining Camp |
| 25:19 | Construir | Farm |
| 25:22 | Construir | Farm |
| 25:32 | Construir | Barracks |
| 25:37 | Construir | Farm |
| 25:49 | Construir | Farm |
| 25:53 | Construir | Farm |
| 25:58 | Construir | Farm |
| 26:01 | Construir | Farm |
| 26:05 | Construir | House |
| 26:08 | Construir | Farm |
| 26:10 | Construir | Farm |
| 26:17 | Crear | Monk |
| 26:18 | Investigar | Tech None |
| 26:18 | Construir | House |
| 26:26 | Investigar | Tech None |
| 26:36 | Construir | Mining Camp |
| 26:43 | Construir | Barracks |
| 26:43 | Construir | Market |
| 27:07 | Construir | University |
| 27:16 | Construir | Barracks |
| 27:19 | Investigar | Tech None |
| 27:21 | Construir | Market |
| 27:38 | Crear | Battering Ram |
| 27:49 | Construir | Barracks |
| 27:55 | Construir | Market |
| 28:02 | Construir | Barracks |
| 28:07 | Construir | House |
| 28:09 | Construir | House |
| 28:20 | Construir | Lumber Camp |
| 28:23 | Construir | Castle |
| 28:25 | Construir | Market |
| 28:35 | Construir | Barracks |
| 28:51 | Construir | Barracks |
| 28:51 | Construir | Market |
| 29:01 | Construir | House |
Cronología de la partida
| 7:19 | · first_building Barracks |
| 7:25 | · first_building Barracks |
| 8:35 | · first_building Barracks |
| 9:16 | · first_building Stable |
| 9:16 | · first_building Archery Range |
| 10:06 | aallen6315 · age_up feudal |
| 10:25 | Jack in box · age_up feudal |
| 10:34 | · first_building Archery Range |
| 10:56 | · first_building Stable |
| 10:57 | Silver · age_up feudal |
| 11:04 | Unsteady · age_up feudal |
| 11:13 | 持田志哲 · age_up feudal |
| 12:26 | 持田志哲 · first_market_sell 100 stone |
| 12:28 | 持田志哲 · first_market_buy 100 food |
| 13:56 | aallen6315 · age_up castle |
| 14:26 | Silver · age_up castle |
| 14:38 | Silver · first_building Castle |
| 15:17 | 持田志哲 · age_up castle |
| 15:24 | Unsteady · age_up castle |
| 16:50 | aallen6315 · first_building Castle |
| 17:47 | · first_building Monastery |
| 18:33 | · first_building Siege Workshop |
| 18:53 | aallen6315 · first_market_buy 100 food |
| 18:55 | Unsteady · first_market_buy 100 food |
| 20:18 | Jack in box · first_building Barracks |
| 20:20 | · first_market_sell 100 food |
| 20:22 | · first_building Monastery |
| 20:42 | · first_market_sell 100 food |
| 20:54 | · first_building Monastery |
| 21:21 | · first_building Siege Workshop |
| 22:01 | · first_building Siege Workshop |
| 22:04 | Jack in box · age_up castle |
| 22:31 | Jack in box · first_building Castle |
| 22:34 | · first_market_buy 100 stone |
| 22:57 | · first_building Stable |
| 24:18 | Unsteady · first_building Barracks |
| 25:23 | 持田志哲 · first_building Monastery |
| 25:32 | · first_market_sell 100 food |
| 25:51 | aallen6315 · first_building Monastery |
| 26:37 | · first_building Castle |
| 27:10 | Silver · first_building Barracks |
| 27:20 | Unsteady · first_building Monastery |
| 27:48 | · first_building Castle |
| 27:53 | Silver · first_building Stable |
| 28:06 | Jack in box · first_market_buy 100 food |
| 28:18 | aallen6315 · first_building Barracks |
| 28:23 | · first_building Castle |
| 28:36 | · first_building Archery Range |
| 28:42 | Silver · first_building Archery Range |
| 28:47 | 持田志哲 · first_building Castle |
| 29:25 | aallen6315 · first_building Archery Range |
| 29:46 | Unsteady · first_market_sell 100 food |
| 29:59 | aallen6315 · first_market_sell 100 food |
| 30:03 | Silver · age_up imperial |
| 30:10 | 持田志哲 · age_up imperial |
| 30:31 | 持田志哲 · first_building Barracks |
| 31:28 | aallen6315 · age_up imperial |
| 31:30 | Unsteady · age_up imperial |
| 31:40 | Silver · first_market_sell 500 wood |
| 32:05 | 持田志哲 · first_building Archery Range |
| 36:34 | 持田志哲 · first_building Stable |
| 37:17 | Unsteady · tribute_sent a jugador 1 |
| 37:17 | Unsteady · tribute_sent a jugador 2 |
| 37:17 | Unsteady · tribute_sent a jugador 3 |
| 37:17 | Unsteady · tribute_sent a jugador 4 |
| 37:17 | Unsteady · tribute_sent a jugador 6 |
| 37:17 | Unsteady · tribute_sent a jugador 7 |
| 37:17 | Unsteady · tribute_sent a jugador 8 |
| 38:44 | Jack in box · first_market_sell 500 wood |
| 38:53 | 持田志哲 · first_building Siege Workshop |
| 39:01 | · first_market_buy 100 wood |
| 39:21 | Unsteady · first_building Castle |
| 40:44 | Unsteady · wall_segment Stone Wall x5 |
| 40:53 | Unsteady · wall_segment Stone Wall x8 |
| 41:46 | Unsteady · wall_segment Stone Wall x13 |
| 41:50 | Jack in box · first_building Stable |
| 42:04 | Jack in box · age_up imperial |
| 42:55 | Jack in box · first_building Archery Range |
| 43:14 | · first_market_buy 100 wood |
| 43:24 | Unsteady · wall_segment Stone Wall x10 |
| 43:45 | Silver · first_market_buy 100 food |
| 44:22 | Unsteady · tribute_sent a jugador 1 |
| 44:22 | Unsteady · tribute_sent a jugador 2 |
| 44:22 | Unsteady · tribute_sent a jugador 3 |
| 44:22 | Unsteady · tribute_sent a jugador 4 |
| 44:22 | Unsteady · tribute_sent a jugador 6 |
| 44:22 | Unsteady · tribute_sent a jugador 7 |
| 44:22 | Unsteady · tribute_sent a jugador 8 |
| 46:24 | aallen6315 · tribute_sent a jugador 1 |
| 46:24 | aallen6315 · tribute_sent a jugador 2 |
| 46:24 | aallen6315 · tribute_sent a jugador 4 |
| 46:24 | aallen6315 · tribute_sent a jugador 5 |
| 46:24 | aallen6315 · tribute_sent a jugador 6 |
| 46:24 | aallen6315 · tribute_sent a jugador 7 |
| 46:24 | aallen6315 · tribute_sent a jugador 8 |
| 46:43 | aallen6315 · tribute_sent a jugador 1 |
| 46:43 | aallen6315 · tribute_sent a jugador 2 |
| 46:43 | aallen6315 · tribute_sent a jugador 4 |
| 46:43 | aallen6315 · tribute_sent a jugador 5 |
| 46:43 | aallen6315 · tribute_sent a jugador 6 |
| 46:43 | aallen6315 · tribute_sent a jugador 7 |
| 46:43 | aallen6315 · tribute_sent a jugador 8 |
| 47:24 | Unsteady · tribute_sent a jugador 1 |
| 47:24 | Unsteady · tribute_sent a jugador 2 |
| 47:24 | Unsteady · tribute_sent a jugador 3 |
| 47:24 | Unsteady · tribute_sent a jugador 4 |
| 47:24 | Unsteady · tribute_sent a jugador 6 |
| 47:24 | Unsteady · tribute_sent a jugador 7 |
| 47:24 | Unsteady · tribute_sent a jugador 8 |
| 48:11 | aallen6315 · tribute_sent a jugador 1 |
| 48:11 | aallen6315 · tribute_sent a jugador 2 |
| 48:11 | aallen6315 · tribute_sent a jugador 4 |
| 48:11 | aallen6315 · tribute_sent a jugador 5 |
| 48:11 | aallen6315 · tribute_sent a jugador 6 |
| 48:11 | aallen6315 · tribute_sent a jugador 7 |
| 48:11 | aallen6315 · tribute_sent a jugador 8 |
| 48:12 | Jack in box · first_building Monastery |
| 48:24 | Unsteady · tribute_sent a jugador 1 |
| 48:24 | Unsteady · tribute_sent a jugador 2 |
| 48:24 | Unsteady · tribute_sent a jugador 3 |
| 48:24 | Unsteady · tribute_sent a jugador 4 |
| 48:24 | Unsteady · tribute_sent a jugador 6 |
| 48:24 | Unsteady · tribute_sent a jugador 7 |
| 48:24 | Unsteady · tribute_sent a jugador 8 |
| 48:52 | Unsteady · first_building Stable |
| 49:52 | aallen6315 · tribute_sent a jugador 1 |
| 49:52 | aallen6315 · tribute_sent a jugador 2 |
| 49:52 | aallen6315 · tribute_sent a jugador 4 |
| 49:52 | aallen6315 · tribute_sent a jugador 5 |
| 49:52 | aallen6315 · tribute_sent a jugador 6 |
| 49:52 | aallen6315 · tribute_sent a jugador 7 |
| 49:52 | aallen6315 · tribute_sent a jugador 8 |
| 51:03 | aallen6315 · first_building Stable |
| 54:01 | aallen6315 · first_building Siege Workshop |
| 54:45 | aallen6315 · tribute_sent a jugador 1 |
| 54:45 | aallen6315 · tribute_sent a jugador 2 |
| 54:45 | aallen6315 · tribute_sent a jugador 4 |
| 54:45 | aallen6315 · tribute_sent a jugador 5 |
| 54:45 | aallen6315 · tribute_sent a jugador 6 |
| 54:45 | aallen6315 · tribute_sent a jugador 7 |
| 54:45 | aallen6315 · tribute_sent a jugador 8 |
| 57:00 | Jack in box · resign |
[ ANÁLISIS IA · 1 CRÉDITO ]
¿Qué pasó realmente en esta partida?
Wolo.gg analiza cada decisión: build order, eco, micro, errores típicos por bracket. Análisis personalizado por WhatsApp o Discord en 30 segundos.
Guía civ
Mongoles
Perfil
Jugador #1250355